AoeStats
← [TYN] Shamburger

Arena

509364856Analyzed
4v4 RM · 6d ago on Sep 26, 2026· 42m 13s· 8 players
Game mode
Random Map
Map size
Large (8 player)
Population
200
Speed
Normal
Resources
Standard
Victory
Conquest
Starting age
Dark Age
Ending age
Imperial Age
RankedLock teamsTeams togetherTeam positionsShared explorationLock speedFull tech treeHidden civsTurbo modeCheats
Victory
Defeat
🇦🇷 Danes · Argentina
1148
+15
🇩🇪 Persians · Germany
1146
+15
🇧🇷 Vietnamese · Brazil
1130
+16
🇨🇳 Spanish · China
1103
+16
🇪🇸 Hindustanis · Spain
1143
-16
🇩🇰 Danes · Denmark
1139
-17
🇬🇷 Huns · Greece
1115
-15
🇪🇸 Bohemians · Spain
1084
-14
Sauron_aoe
10:36 Feudal Age
17:50 Castle Age
17:15 Loom
17:57 Forging
17:48 Scale Mail Armor
17:36 Double-Bit Axe
17:38 Horse Collar
19:40 Fletching
19:50 Padded Archer Armor
19:46 Elite Skirmisher
21:57 Bodkin Arrow
30:51 Leather Archer Armor
34:23 Pikeman
36:01 Bow Saw
goat.
10:31 Feudal Age
15:12 Castle Age
13:18 Double-Bit Axe
13:39 Horse Collar
15:24 Forging
15:18 Scale Mail Armor
18:27 Gambesons
21:11 Town Watch
21:45 Stone Mining
24:47 Wheelbarrow
25:02 Man-at-Arms
25:46 Long Swordsman
30:43 Imperial Age
28:30 Gold Mining
30:19 Bow Saw
31:23 Onager
33:18 Chemistry
33:50 Heavy Scorpion
37:24 Conscription
38:23 Iron Casting
38:04 Chain Mail Armor
38:22 Two-Handed Swordsman
39:18 Arson
40:20 Pikeman
40:48 Siege Onager
boo
11:06 Feudal Age
14:48 Castle Age
13:30 Double-Bit Axe
13:27 Horse Collar
17:31 Bow Saw
17:23 Heavy Plow
22:00 Gold Mining
23:27 Wheelbarrow
24:32 Loom
28:30 Imperial Age
26:47 Marauders
27:05 Scale Barding Armor
27:01 Scale Mail Armor
27:13 Forging
27:06 Husbandry
27:17 Bloodlines
28:00 Hand Cart
28:51 Elite Tarkan
30:04 Conscription
30:53 Gold Shaft Mining
32:39 Chain Barding Armor
32:35 Chain Mail Armor
33:00 Iron Casting
32:07 Elite Skirmisher
32:55 Thumb Ring
38:49 Plate Barding Armor
39:15 Blast Furnace
38:06 Fletching
38:16 Padded Archer Armor
37:53 Pikeman
38:34 Squires
39:13 Halberdier
manejc94
9:51 Feudal Age
10:48 Double-Bit Axe
15:54 Horse Collar
16:40 Bloodlines
16:43 Forging
16:39 Scale Barding Armor
18:59 Loom
21:48 Castle Age
22:13 Padded Archer Armor
22:04 Fletching
24:21 Elite Skirmisher
27:45 Bow Saw
30:29 Wheelbarrow
34:04 Hand Cart
36:23 Heavy Plow
36:54 Husbandry
Veit
0:28 Loom
9:34 Feudal Age
10:02 Double-Bit Axe
11:28 Horse Collar
15:49 Wheelbarrow
18:44 Castle Age
17:19 Stone Mining
17:51 Town Watch
19:11 Heavy Plow
19:23 Bow Saw
22:58 Hand Cart
22:59 Gold Mining
28:56 Gold Shaft Mining
29:01 Stone Shaft Mining
32:33 Imperial Age
30:49 Forging
30:48 Scale Barding Armor
32:05 Iron Casting
32:41 Chain Barding Armor
32:30 Elite War Elephant
33:33 Conscription
33:55 Crop Rotation
34:30 Two-Man Saw
34:08 Bloodlines
34:06 Husbandry
35:12 Blast Furnace
35:28 Plate Barding Armor
35:17 Citadels
35:24 Masonry
35:31 Fletching
36:05 Ballistics
36:29 Hoardings
36:07 Town Patrol
37:16 Architecture
[TYN] Shamburger
4:04 Loom
9:49 Feudal Age
11:14 Wheelbarrow
10:24 Town Watch
10:32 Double-Bit Axe
16:18 Castle Age
14:27 Horse Collar
18:55 Wheelbarrow
18:16 Town Watch
20:14 Fervor
20:54 Bow Saw
20:34 Gold Mining
21:14 Gold Mining
21:14 Stone Mining
21:57 Sanctity
25:39 Forging
25:30 Scale Mail Armor
26:06 Scale Mail Armor
29:29 Iron Casting
29:09 Chain Mail Armor
29:29 Iron Casting
29:30 Fletching
32:47 Imperial Age
30:07 Gambesons
30:58 Town Patrol
31:13 Squires
30:59 Arson
33:18 Chain Mail Armor
32:58 Bodkin Arrow
33:04 Padded Archer Armor
33:02 Pikeman
35:19 Blast Furnace
34:49 Plate Mail Armor
35:19 Blast Furnace
34:49 Plate Mail Armor
34:35 Heavy Plow
35:10 Elite Varangian Guard
36:19 Conscription
36:25 Halberdier
38:51 Plate Mail Armor
39:14 Onager
41:58 Hand Cart
42:31 Ballistics
43:12 Chemistry
CelticdoMirc
4:39 Loom
12:03 Feudal Age
16:12 Castle Age
14:15 Horse Collar
14:23 Double-Bit Axe
17:24 Wheelbarrow
17:12 Heavy Plow
18:34 Bow Saw
25:02 Gold Mining
25:03 Stone Mining
28:53 Imperial Age
26:55 Pikeman
27:37 Squires
27:22 Arson
28:37 Fletching
28:47 Padded Archer Armor
29:33 Halberdier
29:41 Elite Skirmisher
30:45 Bodkin Arrow
31:05 Leather Archer Armor
30:51 Scale Mail Armor
31:05 Forging
32:52 Bracer
33:39 Chain Mail Armor
34:28 Iron Casting
34:56 Imperial Skirmisher
37:47 Ring Archer Armor
37:48 Plate Mail Armor
41:31 Chemistry
41:38 Elite Rattan Archer
43:00 Paper Money
菜鸟不是菜
10:52 Feudal Age
14:56 Castle Age
13:37 Stone Mining
14:30 Double-Bit Axe
27:14 Fletching
27:25 Padded Archer Armor
32:01 Bodkin Arrow
32:23 Leather Archer Armor
41:48 Imperial Age
41:26 Bow Saw
Connection lost

Rejoining the realm…

Still unreachable

The connection could not be restored.

Session expired

The server has moved on; the page needs a fresh start.